 Dungeon Crawl Stone Soup version 0.31-a0-636-ge1c0e020e0 (webtiles) character file.

Game seed: 4195744468206876397

140 Mickster the Chopper (level 5, -4/47 HPs)
             Began as a Hill Orc Berserker on Aug 27, 2023.
             Was a Believer of Trog.
             Killed from afar by an electric eel (10 damage)
             ... with a bolt of electricity
             ... on level 3 of the Dungeon.
             The game lasted 00:14:36 (2351 turns).

Mickster the Chopper (Hill Orc Berserker)           Turns: 2351, Time: 00:14:37

Health: -4/47      AC:  6    Str: 22    XL:     5   Next: 22%
Magic:  5/5        EV: 10    Int: 13    God:    Trog [**....]
Gold:   111        SH:  0    Dex: 10    Spells: 4/4 levels left

rFire   . . .        a - +1 hand axe
rCold   . . .        o - orb {*Rage}
rNeg    . . .        j - +0 scale mail
rPois   .            (no helmet)
rElec   .            (no cloak)
rCorr   .            (no gloves)
SInv    .            (no boots)
Will    +++..        (no amulet) Stlth
                     d - +6 ring of intelligence
HPRegen 1.27/turn    g - ring of willpower
MPRegen 0.09/turn

%: random rage (20%)
@: strong-willed, on berserk cooldown, regenerating, slowed, very slow
A: no striking features
a: Renounce Religion, Berserk, Trog's Hand


You were on level 3 of the Dungeon.
You worshipped Trog.
Trog was pleased with you.
You visited 1 branch of the dungeon, and saw 3 of its levels.

You collected 111 gold pieces.

Inventory:

Hand Weapons
 a - a +1 hand axe (weapon)
 c - a +1 vampiric short sword
Missiles
 k - 6 poisoned darts (quivered)
Armour
 e - a +0 buckler
 i - a +0 leather armour
 j - a +0 scale mail (worn)
 o - an orb of wrath (worn)
Jewellery
 d - a +6 ring of intelligence (left hand)
 g - a ring of willpower (right hand)
Wands
 p - a wand of flame (15)
Scrolls
 b - 2 scrolls of teleportation
 f - a scroll of identify
 h - a scroll of immolation
Potions
 l - a potion of curing
 m - a potion of heal wounds {unknown}
 n - a potion of attraction {unknown}


   Skills:
 + Level 4.5 Fighting
 + Level 5.8 Axes
 + Level 2.7 Armour
 + Level 2.5 Dodging
 + Level 0.1 Stealth
 + Level 0.2 Shields


You had 4 spell levels left.
You didn't know any spells.
Your spell library was empty.

Dungeon Overview and Level Annotations

Branches:
Dungeon (3/15)

Altars:
Ashenzari
Okawaru
Wu Jian

Annotations:
D:3 1 transporter


Message History

There is a transporter landing site here.
Okay, then.
You start waiting.
You recover from your berserk rage.
You start waiting.
Done waiting.
Your skin crawls.
You feel strong-willed.
A red film seems to cover your vision as you go berserk!
You feel yourself moving faster!
You feel mighty!
The door flies open with a bang!
You feel a strong urge to attack something.
The electric eel shoots out a bolt of lightning at you!
The bolt of electricity hits you! The bolt of electricity hits you.
The bolt of electricity hits the plant!
The plant begins to die.
The electric eel shoots out a bolt of lightning at you!
The bolt of electricity hits you! The bolt of electricity hits you.
There is an open door here.
You feel your anger nearly subside.
The electric eel shoots out a bolt of lightning at you!
The bolt of electricity hits you!
The bolt of electricity hits the electric eel.
The electric eel completely resists.
The bolt of electricity hits the electric eel.
The electric eel completely resists.
The electric eel shoots out a bolt of lightning at you!
The bolt of electricity hits you!
The bolt of electricity hits the electric eel.
The electric eel completely resists.
The bolt of electricity hits the electric eel.
The electric eel completely resists.
You are no longer berserk.
You are exhausted.
You feel yourself slow down.
The electric eel shoots out a bolt of lightning at you!
The bolt of electricity hits you!
* * * LOW HITPOINT WARNING * * *
The electric eel shoots out a bolt of lightning at you!
The bolt of electricity hits you!
You die...

....... #.#.#.#
######.#...####.
#...............
#.###############....
##.#8P#SS~~~~~#P8#...#
##..#..#.......#..#...#
###..©#©.'..@♣...+=©#©..# .#
#.....#..#.......#..#..###.#
....###.#8P#SS~~~~~#P8#......#
##. #.###############......#
####..###...................#
........################....#
........# #....# ........#
#.####
........################....##


You could see 4 electric eels.

Vanquished Creatures
  Jessica (D:2)
  4 adders
  2 dart slugs (D:3)
  6 bats
  5 endoplasms
  5 goblins
  5 hobgoblins
  13 jackals
  4 quokkas
  2 ball pythons (D:1)
  4 frilled lizards
  7 kobolds
  10 rats
  A spectral kobold (D:1)
69 creatures vanquished.

Notes
Turn   | Place    | Note
-------+----------+-------------------------------------------
     0 | D:1      | Mickster the Hill Orc Berserker began the quest for the
                  | Orb.
     0 | D:1      | Reached XP level 1. HP: 19/19 MP: 1/1
   186 | D:1      | Reached XP level 2. HP: 27/27 MP: 2/2
   305 | D:1      | Found a faded altar of an unknown god.
   488 | D:1      | Reached XP level 3. HP: 33/33 MP: 3/3
   558 | D:1      | You fall into a shaft and drop 1 floor!
   559 | D:2      | Noticed Jessica
   565 | D:2      | Killed Jessica
   603 | D:2      | Reached XP level 4. HP: 5/41 MP: 4/4
   884 | D:2      | Reached ** piety under Trog
   885 | D:2      | Reached skill level 5 in Axes
  1060 | D:2      | Found an iron altar of Okawaru.
  1816 | D:3      | Reached XP level 5. HP: 41/47 MP: 5/5
  1837 | D:3      | Found a broken altar of Ashenzari.
  2129 | D:3      | Found an ornate altar of the Wu Jian Council.
  2201 | D:3      | Found a transporter.
  2212 | D:3      | Found a transporter.
  2351 | D:3      | Killed from afar by an electric eel

Illustrated notes

Levels and vault maps discovered:
D:1:      lemuel_arrival_tunnels, layout_rooms,
          dreamdust_ecumenical_altar_drowned_temple
D:2:      layout_loops_ring, basic_altar, grunt_ministairs_14, st_stairs_14,
          uniq_jessica
D:3:      gammafunk_steamed_eel, layout_basic, nzn_wu_jian_contemplation,
          mainiacjoe_overflow_tiny_flanked, grunt_ministairs_1

Skill      XL: |  1  2  3  4 |
---------------+-------------+-----
Fighting       | 4 |  4.5
Dodging        | 2 |  2.5
Axes           | 5 |  5.8
Armour         | |  2.7
Stealth        | |  0.1
Shields        | |  0.2

Action                     |  1- 3 |  4- 6 || total
---------------------------+-------+-------++-------
  Melee: Hand axe          |    72 |   128 ||   200
 Invoke: Berserk           |     2 |     4 ||     6
         Trog's Hand       |       |     1 ||     1
    Use: Scroll            |     2 |     4 ||     6
         Potion            |     1 |       ||     1
 Armour: Animal skin       |    12 |     3 ||    15
         Leather armour    |       |    33 ||    33
         Scale mail        |       |     6 ||     6
  Dodge: Dodged            |    44 |    78 ||   122
  Block: Buckler           |     9 |    20 ||    29

Table legend: (Time is in decaauts)
 A = Elapsed time spent in this place.
 B = Non-inter-level travel time spent in this place.
 C = Inter-level travel time spent in this place.
 D = Time resting spent in this place.
 E = Time spent auto-exploring this place.
 F = Levels seen in this place.
 G = Mean time per level.
                   A        B        C        D        E       F      G
               +--------+--------+--------+--------+--------+-----+--------+
         Total |   2441 |   2441 |      0 |    584 |    815 |   3 |  813.7 |
       Dungeon |   2441 |   2441 |      0 |    584 |    815 |   3 |  813.7 |
               +--------+--------+--------+--------+--------+-----+--------+

Top non-repeatable levels by time:
     D:2: 1280 daAuts
     D:1: 585 daAuts
     D:3: 575 daAuts
